 Dungeon Crawl Stone Soup version 0.28.0-53-g5a82cb258f (webtiles) character file.

Game seed: 10535143241814611761

220 Jerry the Skirmisher (level 5, -1/29 HPs)
             Began as a Vine Stalker Fighter on July 30, 2022.
             Splashed by a jelly's acid (3 damage)
             ... on level 3 of the Dungeon.
             The game lasted 00:04:55 (3364 turns).

Jerry the Skirmisher (Vine Stalker Fighter)         Turns: 3364, Time: 00:04:56

Health: -1/29      AC: -2    Str: 18      XL:     5   Next: 97%
Magic:  0/6        EV: 10    Int:  7 (8)  God:
Gold:   112        SH:  5    Dex: 16      Spells: 4/4 levels left

rFire   . . .      SeeInvis .   h - +2 dagger (drain)
rCold   . . .      Faith    .   c - +0 buckler
rNeg    . . .      Spirit   +   f - +0 leather armour
rPois   .          Reflect  .   (no helmet)
rElec   .          Harm     .   e - +0 cloak
rCorr   .          Rampage  .   (no gloves)
Will    .....                   n - +0 pair of boots
Stlth   +.........              (no amulet)
HPRegen 0.89/turn               (no ring)
MPRegen 0.10/turn               (no ring)

@: lit by a corona, corroded, glowing
A: fangs 2, regeneration 1, magic shield, antimagic bite, no potion heal 2,
deterioration 1
a: no special abilities


You were on level 3 of the Dungeon.
You visited 1 branch of the dungeon, and saw 4 of its levels.

You collected 112 gold pieces.

Inventory:

Hand Weapons
 a - a +0 rapier
 h - a +2 dagger of draining (weapon)
Armour
 b - a +0 scale mail
 c - a +0 buckler (worn)
 e - a +0 cloak (worn)
 f - a +0 leather armour (worn)
 n - a +0 pair of boots (worn)
Scrolls
 j - a scroll of acquirement {unknown}
 k - a scroll of enchant armour {unknown}
 l - a scroll of teleportation {unknown}
 m - a scroll of fear {unknown}
Potions
 d - a potion of might
 g - a potion of haste {unknown}


   Skills:
 + Level 3.7 Fighting
 + Level 3.1 Short Blades
 + Level 3.3 Armour
 + Level 3.7 Shields


You had 4 spell levels left.
You didn't know any spells.
Your spell library contained the following spells:

 Spells                   Type           Power      Damage    Failure   Level
 Summon Small Mammal      Summ           0%         N/A       58%         1
 Ensorcelled Hibernation  Hex/Ice        0%         N/A       73%         2
 Passwall                 Tmut/Erth      0%         N/A       73%         2
 Call Canine Familiar     Summ           0%         N/A       91%         3
 Summon Guardian Golem    Hex/Summ       0%         N/A       91%         3
 Swiftness                Air            0%         N/A       91%         3


Dungeon Overview and Level Annotations

Branches:
Dungeon (4/15)
 Temple: D:4-7

Altars:

Annotations:
D:4 Robin


Innate Abilities, Weirdness & Mutations

You have extremely sharp teeth.
Your natural rate of healing is unusually fast.
When hurt, damage is shared between your health and your magic reserves.
Your bite disrupts and absorbs the magic of your enemies.
Potions cannot restore your health.
Your body sometimes deteriorates upon taking damage.


Message History

The goblin hits you but does no damage. The hobgoblin closely misses you.
You climb upwards.
There is a stone staircase leading down here.
You hit the hobgoblin but do no damage. You bite the hobgoblin.
You kill the hobgoblin!
The jelly hits you but does no damage. The goblin barely misses you.
The hobgoblin hits you but does no damage.
The goblin barely misses you. The goblin barely misses you.
The hobgoblin hits you but does no damage.
The goblin closely misses you.
Things that are here:
a +0 dagger; a hobgoblin corpse The goblin hits you with a +0 club.
You block the hobgoblin's attack.
You closely miss the hobgoblin. Your bite misses the hobgoblin.
The hobgoblin hits you but does no damage.
You hit the hobgoblin. You drain the hobgoblin. You bite the hobgoblin.
You kill the hobgoblin!
The jelly misses you.
You see here a hobgoblin corpse.
You hit the jelly.
Your hands burn!
You bite the jelly, but do no damage.
The jelly is moderately wounded.
The goblin no longer looks unusually strong.
The jelly hits you.
You are splashed with acid!
You hit the jelly. You drain the jelly. The acid corrodes you!
Your hands burn!
You bite the jelly, but do no damage.
The jelly is heavily wounded.
You block the jelly's attack.
You completely miss the jelly. You bite the jelly. You drain its power.
You feel invigorated.
The jelly is almost dead.
The jelly hits you.
You are splashed with acid!
You hit the jelly but do no damage.
Your hands burn!
* * * LOW HITPOINT WARNING * * *
You bite the jelly, but do no damage.
The jelly is almost dead.
The jelly hits you. The acid corrodes you!
You are splashed with acid!
* * * LOW HITPOINT WARNING * * *
You hit the jelly but do no damage.
Your hands burn!
You die...

...### ♣8.....♣♣ ###.......# ...#
♣..♣♣♣♣.♣♣♣ #.####### .### ♣♣.♣♣
♣...♣♣ #.# '## ♣♣.♣ ♣♣♣♣.# #.# #
..## ♣.♣# #.# #.### ## ...##
##♣♣.# #.# ##...# ##. ....##
##)#..# #.####.##.###..
♣....####>)..######.......<......
♣....'.......ggJ@................
♣....####....#####........#.##...
♣...## ##.#.# #.###......##...
♣..## ##..# #.# #..#.####.#. ..##
#.## #.# #..#.####.## '## #.#
#.###....)....## .# #.#
#........###### .# #.# #####.####
.## #.# #.# #


You could see a jelly (drained) and 2 goblins.

Vanquished Creatures
  A black bear (D:3)
  An orc priest (D:3)
  4 adders
  A dart slug (D:2)
  3 orcs (D:3)
  6 endoplasms
  A giant cockroach (D:1)
  6 goblins
  7 hobgoblins
  7 jackals
  2 quokkas
  5 ball pythons
  4 bats
  6 kobolds
  5 rats
59 creatures vanquished.

Vanquished Creatures (others)
  2 plants (D:4)
2 creatures vanquished.

Grand Total: 61 creatures vanquished

Notes
Turn   | Place    | Note
-------+----------+-------------------------------------------
     0 | D:1      | Jerry the Vine Stalker Fighter began the quest for the Orb.
     0 | D:1      | Reached XP level 1. HP: 11/11 MP: 2/2
    63 | D:1      | Reached XP level 2. HP: 11/16 MP: 3/3
   663 | D:1      | Reached XP level 3. HP: 18/20 MP: 4/4
  2141 | D:2      | Gained mutation: Your natural rate of healing is unusually
                  | fast. [Vine Stalker growth]
  2141 | D:2      | Reached XP level 4. HP: 21/24 MP: 5/5
  2360 | D:3      | Gained mutation: You occasionally shout uncontrollably at
                  | your foes. [potion of mutation]
  2360 | D:3      | Gained mutation: Your spells are a little easier to cast,
                  | but a little less powerful. [potion of mutation]
  2361 | D:3      | Lost mutation: You occasionally shout uncontrollably at
                  | your foes. [potion of mutation]
  2361 | D:3      | Lost mutation: Your spells are a little easier to cast, but
                  | a little less powerful. [potion of mutation]
  2361 | D:3      | Gained mutation: Your body sometimes deteriorates upon
                  | taking damage. [potion of mutation]
  2392 | D:3      | Found a faded altar of an unknown god.
  2417 | D:3      | Noticed a black bear
  2443 | D:3      | Killed a black bear
  2444 | D:3      | Reached XP level 5. HP: 6/28 MP: 1/6
  3333 | D:4      | Noticed Robin
  3364 | D:3      | Splashed by a jelly's acid

Illustrated notes

Levels and vault maps discovered:
D:1:      eino_arrival_tree_alley, layout_basic, wad_floor_pattern_2
D:2:      layout_basic, ebering_dispersal_statue_hall
D:3:      layout_loops_corners, shapermc_ecumenical_altar_totnotflames,
          serial_bayou_ford_a
D:4:      layout_cave_pools, nicolae_grassy_gnolls, uniq_robin,
          uniq_blork_the_orc

Skill      XL: |  1  2  3  4  5 |
---------------+----------------+-----
Short Blades   | 2 3 |  3.1
Fighting       | 3 |  3.7
Shields        | 3 |  3.7
Armour         | 3 |  3.3

Action                   |  1- 3 |  4- 6 || total
-------------------------+-------+-------++-------
Melee: Rapier            |    63 |       ||    63
       Bite              |    20 |    23 ||    43
       Dagger            |    44 |    72 ||   116
  Use: Potion            |       |     2 ||     2
       Scroll            |       |     1 ||     1
 Stab: Sleeping          |     1 |     1 ||     2
Armor: Scale mail        |    22 |       ||    22
       Leather armour    |    12 |    33 ||    45
Dodge: Dodged            |    44 |    36 ||    80
Block: Buckler           |    28 |    13 ||    41
